 Dungeon Crawl Stone Soup version 0.31-a0-818-ge7c7cf74f0 (webtiles) character file.

Game seed: 8938019477318215711

1610 Essalna the Conjurer (level 8, -13/63 HPs)
             Began as a Demonspawn Conjurer on Sept 23, 2023.
             Mangled by an orc warrior
             ... wielding a +0 glaive
              (20 damage)
             ... on level 6 of the Dungeon.
             The game lasted 00:13:00 (6021 turns).

Essalna the Conjurer (Demonspawn Conjurer)          Turns: 6021, Time: 00:13:01

Health: -13/63     AC:  5    Str:  7    XL:     8   Next: 63%
Magic:  4/14       EV: 12    Int: 23    God:
Gold:   259        SH:  0    Dex: 11    Spells: 8/15 levels left

rFire   . . .        o - +2 dagger (venom)
rCold   + . .        (no shield)
rNeg    . . .        a - +1 robe
rPois   +            (no helmet)
rElec   .            (no cloak)
rCorr   .            (no gloves)
SInv    .            (no boots)
Will    .....        (no amulet)
Stlth   ++           d - ring of protection from cold
HPRegen 0.30/turn    m - ring of poison resistance
MPRegen 0.28/turn

%: no passive effects
@: no status effects
A: yellow scales 1, powered by death 1, magic regeneration
a: no special abilities


You were on level 6 of the Dungeon.
You visited 1 branch of the dungeon, and saw 6 of its levels.

You collected 259 gold pieces.

Inventory:

Hand Weapons
 e - a +0 dagger
 o - a +2 dagger of venom (weapon)
Armour
 a - a +1 robe (worn)
Jewellery
 d - a ring of protection from cold (left hand)
 j - a ring of flight
 m - a ring of poison resistance (right hand)
 n - a ring of wizardry
Scrolls
 h - 2 scrolls of teleportation
 k - 4 scrolls of identify
 q - a scroll of immolation {unknown}
 s - 2 scrolls of poison {unknown}
Potions
 b - 3 potions of magic
 c - a potion of degeneration {unknown}
 f - 5 potions of curing
 g - a potion of lignification {unknown}
 i - a potion of attraction {unknown}
 l - a potion of mutation {unknown}
 p - a potion of heal wounds {unknown}
 r - a potion of might {unknown}


   Skills:
 + Level 5.4 Fighting
 + Level 0.7 Armour
 + Level 2.0 Dodging
 - Level 1.7 Stealth
 - Level 4.0 Spellcasting
 + Level 7.9 Conjurations
 + Level 4.2 Earth Magic


You had 8 spell levels left.
You knew the following spells:

 Your Spells              Type           Power      Damage    Failure   Level
a - Magic Dart            Conj           100%       1d8       1%          1
b - Searing Ray           Conj           82%        2d7       1%          2
c - Brom's Barrelling Bo  Conj/Erth      32%        2d5       9%          4

Your spell library contained the following spells:

 Spells                   Type           Power      Damage    Failure   Level
 Sandblast                Erth           48%        2d12      1%          1
 Stone Arrow              Conj/Erth      64%        3d11      2%          3
 Dazzling Flash           Conj/Hex       44%        N/A       6%          3
 Passwall                 Tmut/Erth      11%        N/A       7%          2
 Sting                    Tmut/Pois      16%        1d3       11%         1
 Cigotuvi's Dreadful Rot  Necr/Pois/Air  8%         N/A       16%         2
 Poisonous Vapours        Pois/Air       8%         N/A       16%         2
 Sublimation of Blood     Necr           4%         N/A       16%         2
 Wereblood                Tmut           4%         N/A       16%         2
 Fulminant Prism          Conj/Hex       11%        3d8       21%         4
 Iskenderun's Mystic Bla  Conj/Tloc      22%        2d6       21%         4
 Call Canine Familiar     Summ           4%         N/A       30%         3
 Ignite Poison            Fire/Tmut/Pois 4%         N/A       30%         3
 Sigil of Binding         Hex            4%         N/A       30%         3
 Leda's Liquefaction      Hex/Erth       7%         N/A       41%         4
 Freezing Cloud           Conj/Ice/Air   8%         6-21      69%         5
 Dimensional Bullseye     Hex/Tloc       2%         N/A       71%         4
 Olgreb's Toxic Radiance  Pois           4%         N/A       71%         4
 Agony                    Necr           4%         N/A       96%         5
 Silence                  Hex/Air        2%         N/A       96%         5
 Summon Hydra             Summ           2%         N/A       100%        7


Dungeon Overview and Level Annotations

Branches:
Dungeon (6/15)
 Temple: D:4-7

Altars:
Okawaru
Qazlal
Wu Jian
Yredelemnul

Shops:
D:3 (   D:5 :


Innate Abilities, Weirdness & Mutations

You are partially covered in yellow scales. (AC +2)
You regenerate a little health from kills.
You regenerate magic rapidly.


Message History

The orc priest looks braver for a moment.
The orc warrior shoots an arrow.
The arrow barely misses you.
The searing ray hits the orc warrior.
The orc warrior is moderately wounded.
The searing ray hits the orc priest.
You kill the orc priest!
The orc warrior shoots an arrow.
The arrow hits you!
The searing ray hits the orc warrior.
The orc warrior is heavily wounded.
You finish channelling your searing ray.
The orc warrior shoots an arrow.
The arrow closely misses you.
Casting: Searing Ray (safe; 1% risk of failure)
Confirm with . or Enter, or press ? or * to list all spells.
Aiming: Searing Ray (safe; 1% risk of failure)
Press: ? - help, Shift-Dir - straight line, f - orc warrior
Aim: an orc warrior, wielding a +0 orcbow and wearing a +0 chain mail (moderately wounded, 80% to hit)
The searing ray hits the orc warrior!
The orc warrior is severely wounded. (Press . to maintain the ray.)
The orc warrior shoots an arrow.
The arrow hits you!
The searing ray hits the orc warrior but does no damage.
The orc warrior is severely wounded.
The orc warrior shoots an arrow.
The arrow hits you.
The searing ray hits the orc warrior.
The orc warrior is almost dead.
The searing ray hits the orc warrior.
The orc warrior is almost dead.
You finish channelling your searing ray.
The orc warrior unwields a +0 orcbow.
The orc warrior wields a +0 glaive.
The orc warrior hits you with a +0 glaive!
* * * LOW HITPOINT WARNING * * *
Casting: Searing Ray (safe; 1% risk of failure)
Confirm with . or Enter, or press ? or * to list all spells.
Aiming: Searing Ray (safe; 1% risk of failure)
Press: ? - help, Shift-Dir - straight line, f/p - orc warrior
Aim: an orc warrior, wielding a +0 glaive and wearing a +0 chain mail (almost dead, 80% to hit)
The searing ray misses the orc warrior. (Press . to maintain the ray.)
The orc warrior hits you with a +0 glaive!!
You die...

#.##o##.#
#.......#
#..# #.##
#.# ##)#
#####
###..#
##....
##..)##
##..###
#@o###
###..##
#.##
#...##
#.# #†###
#.# #.#
#.. #.#
### ?.#
###


You could see an orc warrior.

Vanquished Creatures
  5 yaks (D:5)
  A phantom (D:5)
  Blork the orc (D:6)
  A bullfrog (D:6)
  A vampire bat (D:4)
  2 orc priests
  2 hounds
  2 sleepcaps (D:5)
  3 iguanas
  An orc wizard (D:3)
  Terence (D:2)
  8 gnolls
  8 adders
  2 white imps (D:5)
  An ufetubus (D:6)
  3 worms
  5 dart slugs
  3 fire bats (D:4)
  10 orcs
  2 spectral bats (D:4)
  3 bat skeletons (D:4)
  A bat zombie (D:4)
  6 endoplasms
  4 giant cockroaches
  5 goblins
  7 hobgoblins
  2 jackals (D:2)
  5 kobolds
  3 quokkas
  7 ball pythons
  14 bats
  A bat simulacrum (D:4)
  A frilled lizard (D:1)
  8 rats
129 creatures vanquished.

Notes
Turn   | Place    | Note
-------+----------+-------------------------------------------
     0 | D:1      | Essalna the Demonspawn Conjurer began the quest for the
                  | Orb.
     0 | D:1      | Reached XP level 1. HP: 13/13 MP: 3/3
   253 | D:1      | Gained mutation: You are partially covered in yellow
                  | scales. (AC +2) [demonic ancestry]
   253 | D:1      | Reached XP level 2. HP: 19/19 MP: 1/5
   912 | D:1      | Reached XP level 3. HP: 24/24 MP: 5/7
  1127 | D:2      | Learned a level 2 spell: Searing Ray
  1566 | D:2      | Gained mutation: You regenerate a little health from kills.
                  | [demonic ancestry]
  1566 | D:2      | Reached XP level 4. HP: 30/30 MP: 3/8
  1860 | D:2      | Reached skill level 5 in Conjurations
  2223 | D:2      | Noticed Terence
  2227 | D:2      | Killed Terence
  2513 | D:3      | Gained mutation: You regenerate magic rapidly. [demonic
                  | ancestry]
  2513 | D:3      | Reached XP level 5. HP: 19/35 MP: 2/10
  2956 | D:3      | Found Rujaop's Weapon Shop.
  3027 | D:3      | Found a stormy altar of Qazlal.
  3041 | D:3      | Found an iron altar of Okawaru.
  3239 | D:3      | Reached skill level 1 in Fighting
  3290 | D:3      | Reached XP level 6. HP: 43/43 MP: 7/12
  3604 | D:4      | Reached skill level 6 in Conjurations
  3772 | D:4      | Found a basalt altar of Yredelemnul.
  4078 | D:4      | Learned a level 4 spell: Brom's Barrelling Boulder
  4405 | D:4      | Reached skill level 1 in Earth Magic
  4556 | D:5      | Entered Level 5 of the Dungeon
  4614 | D:5      | Reached XP level 7. HP: 47/51 MP: 8/13
  4653 | D:5      | Found an ornate altar of the Wu Jian Council.
  4669 | D:5      | Noticed a yak
  4687 | D:6      | Noticed Blork the orc
  4692 | D:6      | Killed Blork the orc
  4846 | D:5      | Killed a yak
  4918 | D:5      | Noticed a yak
  4918 | D:5      | Noticed a yak
  4947 | D:5      | Killed a yak
  4948 | D:5      | Reached skill level 7 in Conjurations
  4948 | D:5      | Noticed a yak
  4951 | D:5      | Noticed a yak
  4952 | D:5      | Killed a yak
  4953 | D:5      | Reached XP level 8. HP: 58/61 MP: 4/14
  5332 | D:5      | Reached skill level 5 in Fighting
  5583 | D:5      | Found Pazi's Tiny Tomes.
  6021 | D:6      | Mangled by an orc warrior

Illustrated notes

Levels and vault maps discovered:
D:1:      saegor_arrival_simple_a, layout_basic
D:2:      layout_basic, minivault_25, minmay_cupped, uniq_terence
D:3:      layout_loops_ring, minmay_overflow_temple_star_quad, serial_shops,
          nicolae_shop_statue_plus
D:4:      layout_loops_ring, mainiacjoe_overflow_brackets, goddamned_bats
D:5:      layout_loops_ring, mainiacjoe_overflow_chevrons,
          nicolae_shop_i_like_small_books_too
D:6:      layout_rooms, minmay_temple_entry_large_hall,
          ebering_ghost_inner_flame, serial_shops, shop, uniq_blork_the_orc

Skill      XL: |  1  2  3  4  5  6  7  8 |
---------------+-------------------------+-----
Spellcasting   | 3 4 |  4.0
Conjurations   | 5 6 7 |  7.9
Fighting       | 1 2 4 5 |  5.4
Earth Magic    | 1 3 4 |  4.2
Dodging        | 2 |  2.0
Armour         | |  0.7
Stealth        | |  1.7

Action                     |  1- 3 |  4- 6 |  7- 9 || total
---------------------------+-------+-------+-------++-------
  Melee: Dagger            |    25 |     1 |    11 ||    37
         Punch             |     1 |       |       ||     1
   Cast: Magic Dart        |    81 |   146 |    38 ||   265
         Searing Ray       |       |     8 |    20 ||    28
    Use: Potion            |       |     1 |     1 ||     2
         Scroll            |       |     7 |     1 ||     8
 Armour: Robe              |    16 |    24 |    48 ||    88
  Dodge: Dodged            |    12 |    28 |    24 ||    64

Table legend: (Time is in decaauts)
 A = Elapsed time spent in this place.
 B = Non-inter-level travel time spent in this place.
 C = Inter-level travel time spent in this place.
 D = Time resting spent in this place.
 E = Time spent auto-exploring this place.
 F = Levels seen in this place.
 G = Mean time per level.
                   A        B        C        D        E       F      G
               +--------+--------+--------+--------+--------+-----+--------+
         Total |   6022 |   5795 |    227 |    410 |   4604 |   6 | 1003.7 |
       Dungeon |   6022 |   5795 |    227 |    410 |   4604 |   6 | 1003.7 |
               +--------+--------+--------+--------+--------+-----+--------+

Top non-repeatable levels by time:
     D:2: 1492 daAuts
     D:5: 1260 daAuts
     D:1: 1131 daAuts
     D:4: 973 daAuts
     D:3: 957 daAuts
     D:6: 206 daAuts
